 Dungeon Crawl Stone Soup version 0.27.1 (webtiles) character file.

Game seed: 2656440162997529283

189 tevo3000 the Skirmisher (level 5, 0/35 HPs)
             Began as a Gargoyle Fighter on Aug 21, 2021.
             Was a Follower of Makhleb.
             Slain by a two-headed ogre (11 damage)
             ... on level 4 of the Dungeon.
             The game lasted 00:08:07 (1936 turns).

tevo3000 the Skirmisher (Gargoyle Fighter)          Turns: 1936, Time: 00:08:08

Health: 0/35       AC: 11    Str: 21    XL:     5   Next: 68%
Magic:  5/5        EV:  7    Int:  8    God:    Makhleb [*.....]
Gold:   177        SH:  9    Dex:  9    Spells: 4/4 levels left

rFire    + . .     SeeInvis .   a - +0 flail
rCold    x . .     Faith    .   c - +0 kite shield
rNeg     + . .     Spirit   .   b - +0 scale mail
rPois    ∞         Reflect  .   (no helmet)
rElec    +         Harm     .   (no cloak)
rCorr    .         Rampage  .   (no gloves)
Will     .....                  (no boots)
Stlth    ..........             (no amulet)
HPRegen  0.11/turn              f - ring of fire
MPRegen  0.09/turn              o - +4 ring of slaying

@: no status effects
A: sickness immunity, AC +4, negative energy resistance 1, electricity
resistance, torment resistance 1, petrification resistance
a: Renounce Religion


You were on level 4 of the Dungeon.
You worshipped Makhleb.
Makhleb was aware of your devotion.
You visited 1 branch of the dungeon, and saw 4 of its levels.

You collected 177 gold pieces.

Inventory:

Hand Weapons
 a - a +0 flail (weapon)
Armour
 b - a +0 scale mail (worn)
 c - a +0 kite shield (worn)
Jewellery
 f - a ring of fire (left hand)
 k - a ring of protection from fire
 n - a ring of see invisible
 o - a +4 ring of slaying (right hand)
Scrolls
 e - a scroll of noise {unknown}
 g - a scroll of immolation {unknown}
 h - a scroll of teleportation {unknown}
 l - 2 scrolls of identify {unknown}
 m - 2 scrolls of fear {unknown}
Potions
 d - a potion of might
 i - a potion of invisibility {unknown}
 j - a potion of magic {unknown}


   Skills:
 * Level 5.3 Fighting
 + Level 3.2 Maces & Flails
 + Level 4.4 Armour
 - Level 3.2 Shields


You had 4 spell levels left.
You didn't know any spells.
Your spell library contained the following spells:

 Spells                   Type           Power      Damage    Failure   Level
 Ensorcelled Hibernation  Hex/Ice        0%         N/A       100%        2
 Spider Form              Tmut/Pois      0%         N/A       100%        3
 Airstrike                Air            0%         N/A       100%        4
 Summon Lightning Spire   Summ/Air       0%         N/A       100%        4
 Lightning Bolt           Conj/Air       0%         1d11      100%        5
 Shadow Creatures         Summ           N/A        N/A       100%        6


Dungeon Overview and Level Annotations

Branches:
Dungeon (3/15)

Altars:
Hepliaklqana
Makhleb


Innate Abilities, Weirdness & Mutations

You are immune to sickness and miasma.
Your stone body is resilient. (AC +4)
You are immune to poison.
You resist negative energy. (rN+)
You are resistant to electric shocks. (rElec)
You are resistant to unholy torment.
You are immune to petrification.


Message History

You block the adder's attack.
The scorpion stings you but does no damage.
The adder bites you but does no damage. The scorpion stings you.
You sock the scorpion!
The scorpion is severely wounded.
You block the adder's attack.
The scorpion stings you but does no damage.
The adder closely misses you.
You closely miss the scorpion.
The scorpion is severely wounded.
The scorpion stings you but does no damage.
The adder bites you. The scorpion stings you. The adder barely misses you.
You barely miss the scorpion.
The scorpion is severely wounded.
You block the scorpion's attack. You block the adder's attack.
The scorpion stings you.
You thump the scorpion!
You kill the scorpion!
Makhleb accepts your kill.
You feel better. You block the adder's attack.
The adder bites you but does no damage.
Your Fighting skill increases to level 5!
The adder bites you but does no damage. You block the adder's attack.
You see here a scorpion corpse.
You thump the adder!
You kill the adder!
Makhleb accepts your kill.
You see here an adder corpse.
HP restored.
You see here a scorpion corpse.
Found a stone staircase leading up.
Found 28 arrows.
A two-headed ogre comes into view. It is wielding two +0 giant clubs.
The two-headed ogre shouts in stereo!
Found a fuming emerald potion.
Found a stone staircase leading up.
You barely miss the two-headed ogre.
The two-headed ogre hits you with a +0 giant club!!
Ouch! That really hurt!
The two-headed ogre hits you with a +0 giant club!
You die...

.# .# .! ..<. .# ..
...## .# ..
#..####.... .#####...
........# †#.......
#.#....# .........#
#.#....
..#####.#..###...O#
..# ##. ..#.....@###
.####..##......#...#
...#.....##.##.....#
.........(..##.###..#
...........##..# ..#
...........##.## ..#
..............# ..
.........<..### .#.
............# ..


You could see a two-headed ogre.

Vanquished Creatures
  A scorpion (D:4)
  A bullfrog zombie (D:3)
  A howler monkey zombie (D:3)
  3 adders
  4 dart slugs
  A ball python (D:1)
  A bat (D:3)
  5 endoplasms
  2 giant cockroaches
  9 goblins
  6 hobgoblins
  3 jackals (D:1)
  3 kobolds
  4 quokkas
  2 frilled lizards
  3 rats
49 creatures vanquished.

Notes
Turn   | Place    | Note
-------+----------+-------------------------------------------
     0 | D:1      | tevo3000 the Gargoyle Fighter began the quest for the Orb.
     0 | D:1      | Reached XP level 1. HP: 14/14 MP: 1/1
   111 | D:1      | Reached XP level 2. HP: 19/19 MP: 2/2
   395 | D:1      | Reached XP level 3. HP: 12/24 MP: 3/3
   398 | D:1      | Reached skill level 4 in Fighting
   732 | D:1      | Found a faded altar of an unknown god.
   742 | D:1      | Became a worshipper of Makhleb the Destroyer
   742 | D:1      | Reached * piety under Makhleb
  1361 | D:2      | You fall into a shaft and drop 1 floor!
  1376 | D:3      | Reached XP level 4. HP: 20/30 MP: 4/4
  1627 | D:3      | Found a hazy altar of Hepliaklqana.
  1642 | D:3      | Reached XP level 5. HP: 22/34 MP: 5/5
  1786 | D:3      | You fall into a shaft and drop 1 floor!
  1796 | D:4      | Reached skill level 5 in Fighting
  1932 | D:4      | Noticed a two-headed ogre
  1936 | D:4      | Slain by a two-headed ogre

Illustrated notes

Levels and vault maps discovered:
D:1:      dpeg_arrival_fog, layout_rooms, serial_glass, glass_columns_a,
          glass_columns_a, dreamdust_ecumenical_altar_hidden_monk_grotto
D:2:      layout_basic
D:3:      layout_basic, nicolae_overflow_hidden_temple, uniq_natasha
D:4:      layout_rooms, minmay_pentomino_pile, uniq_duvessa

Skill      XL: |  1  2  3  4  5 |
---------------+----------------+-----
Fighting       | 4 5 |  5.3
Armour         | 4 |  4.4
Maces & Flails | 3 |  3.2
Shields        | |  3.2

Action                   |  1- 3 |  4- 6 || total
-------------------------+-------+-------++-------
Melee: Flail             |   108 |    49 ||   157
Armor: Scale mail        |    92 |    53 ||   145
Dodge: Dodged            |    49 |    27 ||    76
Block: Kite shield       |    82 |    40 ||   122
